 Dungeon Crawl Stone Soup version 0.20.1-1-g8b1a95d (webtiles) character file.

21 Itsformetoplayit the Grasshopper (level 2, -3/27 HPs)
             Began as a Naga Warper on Oct 17, 2017.
             Slain by Terence
             ... wielding a +5 trident of protection
              (6 damage)
             ... on level 2 of the Dungeon.
             The game lasted 00:16:35 (751 turns).

Itsformetoplayit the Grasshopper (Naga Warper)       Turns: 751, Time: 00:16:36

Health: -3/27      AC:  3    Str: 13    XL:     2   Next: 83%
Magic:  5/5        EV: 14    Int: 13    God:
Gold:   46         SH:  6    Dex: 10    Spells: 5/5 levels left

rFire    . . .     SeeInvis +   a - +0 falchion
rCold    . . .     Gourm    .   (no shield)
rNeg     . . .     Faith    .   m - +0 ring mail
rPois    +         Spirit   .   (no helmet)
rElec    .         Reflect  +   (no cloak)
rCorr    .         Harm     .   (no gloves)
MR       .....                  (no barding)
Stlth    ..........             j - +6 amulet of reflection
Regen    0.1/turn               n - +6 ring of evasion
MPRegen  0.1/turn               (no ring)

@: very slow
A: see invisible, deformed body, poison resistance, slowness 2, slow metabolism
1, spit poison 1, AC +0
a: Spit Poison


You were on level 2 of the Dungeon.
You were not hungry.

You visited 1 branch of the dungeon, and saw 2 of its levels.

You collected 46 gold pieces.

Inventory:

Hand Weapons
 a - a +0 falchion (weapon)
 i - a +0 short sword
 k - a +0 club
 p - a +0 whip
 q - a +0 whip
 t - a +0 dagger
 u - a +0 dagger
 w - a +0 club
 y - a +0 whip
 B - a +0 short sword
Missiles
 e - 3 tomahawks of dispersal
 g - 49 stones (quivered)
 l - 34 bolts
Armour
 b - a +0 leather armour
 h - a +0 leather armour
 m - a +0 ring mail (worn)
 r - a +0 robe
Jewellery
 j - a +6 amulet of reflection (around neck)
 n - a +6 ring of evasion (left hand)
Scrolls
 d - a scroll of blinking
 x - a scroll of noise {unknown}
Potions
 o - 2 potions of resistance {unknown}
 s - a potion of berserk rage {unknown}
 v - a potion of agility {unknown}
 z - a potion of magic {unknown}
 A - a potion of lignification {unknown}
Books
 c - a book of Spatial Translocations

   Spells                             Type                      Level
   a - Blink                          Translocation                2
   b - Shroud of Golubria             Charms/Translocation         2
   c - Lesser Beckoning               Translocation                3
   d - Gell's Gravitas                Translocation                3
   e - Teleport Other                 Translocation                3
   f - Passage of Golubria            Translocation                4
Comestibles
 f - a bread ration
 C - an inedible chunk of flesh
 D - a chunk of flesh


   Skills:
 + Level 2.3 Fighting
 + Level 2.4 Long Blades
 + Level 1.1 Throwing
 + Level 0.8 Armour
 + Level 1.7 Dodging
 + Level 2.1 Spellcasting
   Level 3.0 Translocations


You had 5 spell levels left.
You didn't know any spells.

Dungeon Overview and Level Annotations

Branches:
Dungeon (2/15)

Altars:

Annotations:
D:2 Terence


Innate Abilities, Weirdness & Mutations

You cannot wear boots.
Your serpentine skin is tough. (AC +0)
You have supernaturally acute eyesight. (SInv)
Armour fits poorly on your strangely shaped body.
Your system is resistant to poisons. (rPois)
You cover ground very slowly.
You have a slow metabolism.
You can spit poison.


Message History

Terence is lightly wounded.
Terence hits you with a trident of protection.
* * * LOW HITPOINT WARNING * * *
You touch Terence but do no damage.
Terence is lightly wounded.
Terence hits you but does no damage.
You completely miss Terence.
Terence is lightly wounded.
Your transformation has ended.
Your +0 falchion unmelds from your body.
Your +0 ring mail unmelds from your body.
Your +6 ring of evasion unmelds from your body.
Your +6 amulet of reflection unmelds from your body.
You hit Terence but do no damage.
Terence is lightly wounded.
Terence barely misses you.
Your ring mail prevents you from hitting Terence.
Terence is lightly wounded.
Terence hits you with a trident of protection.
You die...

#.# .....#
##...####.....#
.((......(...
#..#...(..#
#.=#...(..#
#(....(..#
#....@...# ########
#..@..####
#......####........#
#.........+......#.#
#.........#...<..#
#####.....#...#..#
##.
#.....##.....###...
#.....###.#......#
#.....# #.#......#
####'#### #.#......#


You could see Terence.

Vanquished Creatures
  A leopard gecko (D:1)
  2 giant cockroaches (D:1)
  4 goblins
  A hobgoblin (D:1)
  A frilled lizard (D:1)
  5 kobolds
  5 rats
19 creatures vanquished.

Notes
Turn   | Place    | Note
-------+----------+-------------------------------------------
     0 | D:1      | Itsformetoplayit the Naga Warper began the quest for the Orb.
     0 | D:1      | Reached XP level 1. HP: 19/19 MP: 3/3
    95 | D:1      | Reached skill level 1 in Throwing
   317 | D:1      | Reached XP level 2. HP: 26/26 MP: 5/5
   724 | D:2      | Noticed Terence
   751 | D:2      | Slain by Terence

Skill      XL: |  1 |
---------------+----+-----
Throwing       | 1 |  1.1
Fighting       | |  2.3
Long Blades    | |  2.4
Armour         | |  0.8
Dodging        | |  1.7
Spellcasting   | |  2.1
Translocations | |  3.0

Action                   || total
-------------------------++-------
Melee: Falchion          ||    59
       Unarmed           ||    16
Throw: Stone             ||    64
       Tomahawk          ||     2
Armor: Leather armour    ||     4
       Ring mail         ||     8
Dodge: Dodged            ||    35
Block: Other             ||    14
       Reflection        ||     3
       Rpst.: Falchion   ||     8
